 Dungeon Crawl Stone Soup version 0.31-a0-1178-gc5c9b8f871 (webtiles) character file.

Game seed: 8931076510642588005

490 night the Shooter (level 6, -9/48 HPs)
             Began as a Demonspawn Hunter on Dec 11, 2023.
             Shot with an arrow by a centaur (13 damage)
             ... on level 5 of the Dungeon.
             The game lasted 00:06:01 (3013 turns).

night the Shooter (Demonspawn Hunter)               Turns: 3013, Time: 00:06:02

Health: -9/48      AC:  3    Str: 12    XL:     6   Next: 90%
Magic:  6/6        EV: 13    Int:  9    God:
Gold:   137        SH:  0    Dex: 20    Spells: 3/5 levels left

rFire   . . .        a - +0 shortbow
rCold   . . .        (shield currently unavailable)
rNeg    . . .        c - +0 leather armour
rPois   .            (no helmet)
rElec   .            (no cloak)
rCorr   .            (no gloves)
SInv    .            (no boots)
Will    .....        (no amulet)
Stlth   +++          (no ring)
HPRegen 0.28/turn    (no ring)
MPRegen 0.10/turn

%: no passive effects
@: hasted, very quick
A: thin skeletal structure 1, powered by death 1, demonic touch 1
a: no special abilities


You were on level 5 of the Dungeon.
You visited 1 branch of the dungeon, and saw 5 of its levels.

You collected 137 gold pieces.

Inventory:

Hand Weapons
 a - a +0 shortbow (weapon)
Missiles
 d - 57 stones
 s - 6 datura-tipped darts
Armour
 c - a +0 leather armour (worn)
Jewellery
 o - an amulet of the acrobat
Scrolls
 b - a scroll of butterflies
 e - a scroll of poison {unknown}
 i - a scroll of enchant armour
 j - 4 scrolls of amnesia
 m - a scroll of noise
 p - 2 scrolls of vulnerability
 q - a scroll of fog
 r - a scroll of teleportation
Potions
 g - a potion of might {unknown}
 l - a potion of degeneration {unknown}
 n - a potion of resistance {unknown}


   Skills:
 + Level 3.7 Fighting
 * Level 5.5 Ranged Weapons
 + Level 3.3 Dodging
 - Level 3.0 Stealth


You had 3 spell levels left.
You knew the following spells:

 Your Spells              Type           Power      Damage    Failure   Level
a - Blink                 Tloc           0%         N/A       61%         2

Your spell library contained the following spells:

 Spells                   Type           Power      Damage    Failure   Level
 Freeze                   Ice            0%         1d3       45%         1
 Lesser Beckoning         Tloc           0%         N/A       61%         2
 Momentum Strike          Conj/Tloc      0%         3d8       61%         2
 Frozen Ramparts          Ice            0%         1d1       83%         3
 Hailstorm                Conj/Ice       0%         3d5       83%         3
 Haunt                    Necr/Summ      0%         N/A       100%        7
 Borgnjor's Revivificati  Necr           0%         N/A       100%        8
 Death's Door             Necr           0%         N/A       100%        9


Dungeon Overview and Level Annotations

Branches:
Dungeon (5/15)
 Temple: D:4-7

Altars:
Fedhas
Vehumet


Innate Abilities, Weirdness & Mutations

You have a somewhat thin skeletal structure. (Dex +2, Stealth+)
You regenerate a little health from kills.
Your touch may inflict minor irresistible damage on your foes.


Message History

Found a stone staircase leading down.
A centaur comes into view.
You shoot an arrow. The arrow hits the centaur.
The centaur shouts!
The centaur is lightly wounded.
The centaur wields a +0 shortbow.
The centaur shoots an arrow.
The arrow hits you.
The centaur shoots an arrow.
The arrow hits you.
You shoot an arrow. The arrow closely misses the centaur.
The centaur shoots an arrow.
The arrow hits you!
You shoot an arrow. The arrow hits the centaur.
The centaur is moderately wounded.
The centaur shoots an arrow.
The arrow hits you.
You shoot an arrow. The arrow hits the centaur!
The centaur is severely wounded.
The centaur shoots an arrow.
The arrow misses you.
The centaur shoots an arrow.
The arrow hits you!
You shoot an arrow. The arrow hits the centaur.
The centaur is severely wounded.
The centaur shoots an arrow.
The arrow hits you.
The centaur shoots an arrow.
The arrow hits you.
* * * LOW HITPOINT WARNING * * *
You are too injured to fight recklessly!
Fire: a) +0 shortbow
Press: ? - help, Shift-Dir - straight line, f/p - centaur
Aim: a centaur, wielding a +0 shortbow (severely wounded, 75% to hit)
You shoot an arrow. The arrow barely misses the centaur.
Fire: a) +0 shortbow
Press: ? - help, Shift-Dir - straight line, f/p - centaur
Aim: a centaur, wielding a +0 shortbow (severely wounded, 75% to hit)
You shoot an arrow. The arrow barely misses the centaur.
The centaur shoots an arrow.
The arrow hits you!
* * * LOW HITPOINT WARNING * * *
The centaur shoots an arrow.
The arrow closely misses you.
Fire: a) +0 shortbow
Press: ? - help, Shift-Dir - straight line, f/p - centaur
Aim: a centaur, wielding a +0 shortbow (severely wounded, 75% to hit)
Okay, then.
It was a potion of haste.
You feel yourself speed up.
The centaur shoots an arrow.
The arrow hits you!
You die...

######### ###
#...>.....#
.#######.####.#######.#
...c...@#..............
.#######.####.###.###.#
### #.# #.# #.# #.# #.#
#.# #.###.###.#
#..>......# #########.#
#.# #.# #.# #.# #.#


You could see a centaur.

Vanquished Creatures
  A black bear (D:5)
  A scorpion (D:4)
  3 hounds
  An iguana (D:5)
  An orc wizard (D:3)
  3 gnolls (D:3)
  5 adders
  2 worms (D:3)
  2 dart slugs (D:2)
  12 orcs
  10 endoplasms
  5 giant cockroaches
  7 goblins
  6 hobgoblins
  10 jackals
  2 quokkas
  5 ball pythons
  8 bats
  6 frilled lizards
  14 kobolds
  5 rats
109 creatures vanquished.

Notes
Turn   | Place    | Note
-------+----------+-------------------------------------------
     0 | D:1      | night the Demonspawn Hunter began the quest for the Orb.
     0 | D:1      | Reached XP level 1. HP: 16/16 MP: 1/1
    33 | D:1      | Found a faded altar of an unknown god.
    75 | D:1      | Reached skill level 1 in Stealth
   166 | D:1      | Gained mutation: You have a somewhat thin skeletal
                  | structure. (Dex +2, Stealth+) [demonic ancestry]
   166 | D:1      | Reached XP level 2. HP: 22/22 MP: 2/2
   178 | D:1      | Reached skill level 2 in Dodging
   326 | D:1      | Reached skill level 4 in Ranged Weapons
   545 | D:1      | Gained mutation: Your touch may inflict minor irresistible
                  | damage on your foes. [demonic ancestry]
   545 | D:1      | Reached XP level 3. HP: 19/28 MP: 3/3
   667 | D:1      | Learned a level 2 spell: Blink
  1154 | D:2      | Gained mutation: You regenerate a little health from kills.
                  | [demonic ancestry]
  1154 | D:2      | Reached XP level 4. HP: 21/34 MP: 4/4
  1441 | D:3      | Reached skill level 2 in Stealth
  1670 | D:3      | Reached XP level 5. HP: 40/40 MP: 5/5
  1778 | D:3      | Found a blossoming altar of Fedhas.
  2165 | D:4      | Found a radiant altar of Vehumet.
  2212 | D:4      | Reached skill level 5 in Ranged Weapons
  2309 | D:4      | Reached XP level 6. HP: 45/47 MP: 6/6
  2379 | D:4      | HP: 4/47 [poisoned by a scorpion]
  2741 | D:5      | Entered Level 5 of the Dungeon
  3012 | D:5      | HP: 3/48 [centaur/arrow (8)]
  3013 | D:5      | Shot with an arrow by a centaur

Illustrated notes

Levels and vault maps discovered:
D:1:      dpeg_arrival_signposts, layout_rooms, ebering_ecumenical_altar_webs
D:2:      minmay_angry_zag, layout_loops_ring, basic_altar,
          minmay_stone_trees_small, minmay_misc_feat_iff, minivault_23,
          grunt_ministairs_9, minmay_misc_feat_nine_boxes
D:3:      layout_rooms, fedhas_ov_isle_minmay
D:4:      layout_rooms, mainiacjoe_overflow_surrounded_room
D:5:      layout_loops_ring, zin_treasury, serial_shops, nicolae_diamond_shop

Skill      XL: |  1  2  3  4  5  6 |
---------------+-------------------+-----
Stealth        | 1 2 3 |  3.0
Dodging        | 2 3 |  3.3
Ranged Weapons | 4 5 |  5.5
Fighting       | 3 |  3.7

Action                     |  1- 3 |  4- 6 || total
---------------------------+-------+-------++-------
   Fire: Shortbow          |   143 |   204 ||   347
    Use: Scroll            |       |     6 ||     6
         Potion            |       |     4 ||     4
 Armour: Leather armour    |    37 |    81 ||   118
  Dodge: Dodged            |    46 |    71 ||   117

Table legend: (Time is in decaauts)
 A = Elapsed time spent in this place.
 B = Non-inter-level travel time spent in this place.
 C = Inter-level travel time spent in this place.
 D = Time resting spent in this place.
 E = Time spent auto-exploring this place.
 F = Levels seen in this place.
 G = Mean time per level.
                   A        B        C        D        E       F      G
               +--------+--------+--------+--------+--------+-----+--------+
         Total |   3091 |   3032 |     59 |    110 |   2304 |   5 |  618.2 |
       Dungeon |   3091 |   3032 |     59 |    110 |   2304 |   5 |  618.2 |
               +--------+--------+--------+--------+--------+-----+--------+

Top non-repeatable levels by time:
     D:2: 770 daAuts
     D:1: 699 daAuts
     D:4: 690 daAuts
     D:3: 653 daAuts
     D:5: 278 daAuts
